Unix NetHack Version 5.0.0-0 post-release - last build Jun 10 2026 00:39:30 (3ee93aec679c4c4259841fe613dc97188e26a321,branch:main).

Game began 2026-06-17 21:44:32, ended 2026-06-17 22:15:05.

Felix1, neutral male gnomish Wizard

                                                           --------       ---
                                                           |....|.---    --.|
                             ----                 ---      |.--....^------..|
                             |..|                --.|      ---|............--
                             |..----   ---      |...-         -----.--------
                       ------|.....|   |..|     |....---          |.|
                      --....------.-----..--    --.....|          |.----
                    ---....................-------.....----       |....-------
                    |...........--.-----..................|       ----...||..|
                    |..........).     ---.----..[.........--------- ----.|-..|
                    -.............-.  |...--...---................| |....|...--
                   |.............[.....)..[..--- --------#-------.|--.........|
                  ---...................-----------       #--- --.||.........--
                  |....--.--.--........)...--.....|      --..|--..--........-|
                 .....-|--- ---...................--    --...--.......---....--
                 --....--   |......................|    |...........--- ---...|
                 |......|----.......`.............--    |..%h....@..|     --.--
                 --.|...--..............^........--     |>......<..--      ---
                  -----.......|.|.|.......--..----      --....|.----
                      ------.-------.|.|.------          |..- ---
                           ---     -------               ----
Felix1 the Conjurer       St:12 Dx:16 Co:13 In:18 Wi:10 Ch:8  Neutral
Dlvl:4  $:41 HP:0(31) Pw:8(40) AC:9  Xp:5 T:2384 

Latest messages:
 The rothe bites!
 The rothe misses!
 Are you sure you want to pray? [yn] (n) y
 You begin praying to Thoth.
 You are surrounded by a shimmering light.
 The grid bug starts to attack you, but pulls back.
 The rothe starts to attack you, but pulls back.
 The grid bug starts to attack you, but pulls back.
 The rothe starts to attack you, but pulls back.
 The grid bug starts to attack you, but pulls back.
 The rothe starts to attack you, but pulls back.
 You finish your prayer.
 You feel that Thoth is pleased.
 You feel much better.
 You kill the rothe!
 The grid bug bites!
 You get zapped!
 You kill the grid bug!
 You see here a rothe corpse.
 There is a rothe corpse here; eat it? [ynq] (n) y
 This rothe corpse is stringy.
 You finish eating the rothe corpse.
 You see here a thonged club.
 You see here a runed dagger.
 You see here a runed dagger.
 You feel sluggish.
 You feel your magical energy drain away!
 Really step onto that anti-magic field? [yn] (n) n
 You see here a thonged club.
 You see here a runed dagger.
 You see here an elven mithril-coat.
 In what direction? 4
 The spell hits the hobgoblin!
 You kill the hobgoblin!
 There are several objects here.
 The giant bat bites!
 The giant bat bites!
 The giant bat bites!
 The giant bat bites!
 You hit the giant bat.
 The giant bat bites!
 The giant bat bites!
 You hit the giant bat!
 The giant bat bites!
 The giant bat bites!
 You kill the giant bat!
 You kill the green mold!
 You are splashed by the green mold's acid!
 You die...
 Do you want your possessions identified? [ynq] (y) q

Inventory:
 Coins    ('$')
  $ - 41 gold pieces
 Weapons  (')')
  s - 13 +0 darts
  a - a blessed +1 quarterstaff (weapon in hands)
  t - a cursed -1 trident
 Armor    ('[')
  b - an uncursed +0 cloak of magic resistance (being worn)
 Comestibles  ('%')
  y - an uncursed food ration
  x - 3 uncursed tins of spinach
 Scrolls  ('?')
  q - a cursed scroll of gold detection
  i - 2 uncursed scrolls of identify
  j - an uncursed scroll of punishment
  o - 2 blessed scrolls of teleportation
 Spellbooks  ('+')
  k - a blessed spellbook of force bolt
  l - an uncursed spellbook of slow monster
 Potions  ('!')
  D - an uncursed potion of blindness
  g - a blessed potion of booze
  z - a blessed potion of hallucination
  h - a blessed potion of monster detection
  f - an uncursed potion of monster detection
 Rings    ('=')
  d - an uncursed ring of polymorph
  e - an uncursed +1 ring of protection
  w - an uncursed ring of teleport control
 Wands    ('/')
  c - a wand of create monster (0:13)
  A - a wand of undead turning (0:5)
 Tools    ('(')
  n - an uncursed blindfold
  v - an uncursed brass lantern
  E - an uncursed magic lamp
  m - a magic marker (0:0)
  B - an uncursed towel
 Gems/Stones  ('*')
  F - an uncursed amethyst stone
  u - a cursed obsidian stone
  G - an uncursed worthless piece of black glass
  r - 3 uncursed worthless pieces of blue glass
  p - an uncursed worthless piece of white glass
  H - an uncursed worthless piece of yellow glass
  C - 5 uncursed rocks

Felix1 the Wizard's attributes:

Background:
 You were a Conjurer, a level 5 male gnomish Wizard.
 You were neutral, on a mission for Thoth
 who was opposed by Ptah (lawful) and Anhur (chaotic).
 You were right-handed.
 You were in the Gnomish Mines, on level 4.
 You entered the dungeon 2384 turns ago.
 It was nighttime.
 There was a new moon in effect when your adventure ended.
 You had 217 experience points, 103 more were needed to attain level 6.

Basics:
 You had 0 out of 31 hit points.
 You had 8 out of 40 energy points (spell power).
 Your armor class was 9.
 Your wallet contained 41 zorkmids.
 Autopickup was off.

Final Characteristics:
 Your strength was 12 (limit:18/50).
 Your dexterity was 16 (limit:18).
 Your constitution was 13 (limit:18).
 Your intelligence was 18 (limit:19).
 Your wisdom was 10 (limit:18).
 Your charisma was 8 (limit:18).

Final Status:
 You weren't hungry.
 You were unencumbered.
 You were wielding a quarterstaff.
 You had basic skill with quarterstaff.

Final Attributes:
 You were devoutly aligned.
 You were magic-protected.
 You had infravision.
 You were warded.
 You are dead.

Miscellaneous:
 You didn't encounter any bones levels.
 Total elapsed playing time was 29 minutes and 51 seconds.

Major events:
 Turn
    1: Felix1 the neutral male gnomish Wizard entered the dungeon
  984: entered the Gnomish Mines
 1183: attained the rank of Conjurer (level 3)
 2384: killed by a green mold

Spells:
 Name                 Level Category     Fail Retention
 force bolt             1   attack         0%   81%-90%
 slow monster           2   enchantment    0%   81%-90%

Skills:
 Fighting Skills
   bare handed combat [Unskilled]
   riding             [Unskilled]
 Weapon Skills
   dagger             [Unskilled]
   knife              [Unskilled]
   axe                [Unskilled]
   short sword        [Unskilled]
   club               [Unskilled]
   mace               [Unskilled]
   quarterstaff       [Basic]
   polearms           [Unskilled]
   spear              [Unskilled]
   trident            [Unskilled]
   sling              [Unskilled]
   dart               [Unskilled]
   shuriken           [Unskilled]
 Spellcasting Skills
   attack spells      [Basic]
   healing spells     [Unskilled]
   divination spells  [Unskilled]
   enchantment spells [Basic]
   clerical spells    [Unskilled]
   escape spells      [Unskilled]
   matter spells      [Unskilled]

Voluntary challenges:
 Character rerolling was not enabled.
 You never genocided any monsters.
 You never polymorphed an object.
 You never changed form.
 You used no wishes.
Achievements:
 You entered the Gnomish Mines.
 You attained the rank of Conjurer.

 The Dungeons of Doom: levels 1 to 3
    Level 1:
       A fountain.
    Level 2:
    Level 3:
       A sink.
       Stairs down to The Gnomish Mines.
 The Gnomish Mines: levels 4 to 5
    Level 4: <- You were here.
       Final resting place for
          you, killed by a green mold.
    Level 5:


Vanquished creatures:
  a gnome ruler
  a rock mole
  3 dwarves
  3 rothes
  2 giant bats
  a dwarf zombie
  a wererat
 an acid blob
  2 hobbits
  2 large kobolds
  a hobgoblin
  a giant rat
  a green mold
  a gnome
  4 geckos
  2 jackals
  2 foxes
  a goblin
  7 grid bugs
  3 lichens
  a kobold zombie
  3 newts
44 creatures vanquished.

No species were genocided or became extinct.

Game over:
                       ----------
                      /          \
                     /    REST    \
                    /      IN      \
                   /     PEACE      \
                  /                  \
                  |      Felix1      |
                  |      41 Au       |
                  |   killed by a    |
                  |    green mold    |
                  |                  |
                  |                  |
                  |       2026       |
                 *|     *  *  *      | *
        _________)/\\_//(\/(/\)/\//\/|_)_______

Goodbye Felix1 the Wizard...

You died in The Gnomish Mines on dungeon level 4 with 1115 points,
and 41 pieces of gold, after 2384 moves.
You were level 5 with a maximum of 31 hit points when you died.

